MWL (24 & UNDER)
BARRY'S BAY ORIOLES @ GRIM REAPERS
08/04/2029
 
TOP OF THE 1ST
Barry's Bay Orioles batting - Pitching for Grim Reapers : LHP Miguel Meneces
Pitching: LHP Miguel Meneces
Batting: LHB Ryan Rheaume 0-0: SINGLE (Groundball, 34D)
Batting: LHB Lúcio Gómez 0-0: Ball
1-0: Called Strike
1-1: Called Strike
1-2: Foul Ball, location: 2F
1-2: Ball
2-2: Foul Ball, location: 2F
2-2: Strikes out swinging
Batting: RHB Juan Morales 0-0: Called Strike
0-1: Called Strike
0-2: Strikes out looking
Batting: LHB Greg Sharpe 0-0: Ball
1-0: Called Strike
1-1: Ball
2-1: Called Strike
2-2: Ball
3-2: Strikes out looking
Top of the 1st over - 0 runs, 1 hit, 0 errors, 1 left on base; Barry's Bay 0 - Grim 0
BOTTOM OF THE 1ST
Grim Reapers batting - Pitching for Barry's Bay Orioles : RHP Artie Hall
Pitching: RHP Artie Hall
Batting: RHB Sandro Hernández 0-0: Called Strike
0-1: Ball
1-1: Ball
2-1: Ground out 5-3 (Groundball, 56S)
Batting: RHB Pedro López 0-0: Called Strike
0-1: Ball
1-1: Ball
2-1: Ball
3-1: Foul Ball, location: 2F
3-2: Ground out 1-3 (Groundball, P)
Batting: RHB Justin Geoghegan 0-0: Swinging Strike
0-1: SINGLE (Line Drive, 7LS)
Batting: RHB Juan Ortega 0-0: Swinging Strike
0-1: Fielders Choice at 2nd, U6 (Groundball, 6M)
Bottom of the 1st over - 0 runs, 1 hit, 0 errors, 1 left on base; Barry's Bay 0 - Grim 0
TOP OF THE 2ND
Barry's Bay Orioles batting - Pitching for Grim Reapers : LHP Miguel Meneces
Batting: RHB Jason Cook 0-0: Ground out U3 (Groundball, 3)
Batting: RHB Lynn Johnson 0-0: Called Strike
0-1: Foul Ball, location: 2F
0-2: Fly out, F7 (Flyball, 7)
Batting: RHB Manny Gutiérrez 0-0: Ball
1-0: Foul Ball, location: 2F
1-1: Foul Ball, location: 2F
1-2: Ball
2-2: Strikes out looking
Top of the 2nd over - 0 runs, 0 hits, 0 errors, 0 left on base; Barry's Bay 0 - Grim 0
BOTTOM OF THE 2ND
Grim Reapers batting - Pitching for Barry's Bay Orioles : RHP Artie Hall
Batting: RHB Roberto Villela 0-0: Called Strike
0-1: SINGLE (Groundball, 6MD)
Batting: RHB Phil Martin 0-0: Ball
1-0: Foul Ball, location: 2F
1-1: Ball
2-1: Ball
3-1: Called Strike
3-2: SINGLE (Flyball, 9LS)
Roberto Villela to second
Runner from 2nd tries for 3rd, SAFE, throw made to third
Batting: RHB Júlio Núñez 0-0: SINGLE (Groundball, 6D)
Roberto Villela scores
Phil Martin to second
Batting: SHB Frank Grant 0-0: Called Strike
0-1: Ball
1-1: Foul Ball, location: 2F
1-2: Strikes out swinging
Batting: RHB Luis Samaripa 0-0: Called Strike
0-1: Called Strike
0-2: Ball
1-2: Ball
2-2: SINGLE (Line Drive, 8LS)
Phil Martin to third
Júlio Núñez to second
Batting: RHB Sandro Hernández 0-0: Fielders Choice at 2nd, 3-6 (Groundball, 34)
Phil Martin scores
Júlio Núñez to third
Batting: RHB Pedro López 0-0: Ball
1-0: Fielders Choice at 2nd, 5-4 (Groundball, 56)
Bottom of the 2nd over - 2 runs, 4 hits, 0 errors, 2 left on base; Barry's Bay 0 - Grim 2
TOP OF THE 3RD
Barry's Bay Orioles batting - Pitching for Grim Reapers : LHP Miguel Meneces
Batting: RHB Octávio Aldeguer 0-0: Foul Ball, location: 2F
0-1: Ball
1-1: Ball
2-1: Swinging Strike
2-2: Strikes out swinging
Batting: LHB Barry Pierce 0-0: Called Strike
0-1: Foul Ball, location: 2F
0-2: Ball
1-2: Strikes out swinging
Batting: LHB Ryan Rheaume 0-0: Ball
1-0: Called Strike
1-1: Ball
2-1: Foul Ball, location: 2F
2-2: Ball
3-2: Strikes out swinging
Top of the 3rd over - 0 runs, 0 hits, 0 errors, 0 left on base; Barry's Bay 0 - Grim 2
BOTTOM OF THE 3RD
Grim Reapers batting - Pitching for Barry's Bay Orioles : RHP Artie Hall
Batting: RHB Justin Geoghegan 0-0: Foul Ball, location: 2F
0-1: Fly out, F5 (Line Drive, 56)
Batting: RHB Juan Ortega 0-0: Called Strike
0-1: Ball
1-1: Ground out 3-1 (Groundball, 34)
Batting: RHB Roberto Villela 0-0: Ground out 4-3 (Groundball, 4)
Bottom of the 3rd over - 0 runs, 0 hits, 0 errors, 0 left on base; Barry's Bay 0 - Grim 2
TOP OF THE 4TH
Barry's Bay Orioles batting - Pitching for Grim Reapers : LHP Miguel Meneces
Batting: LHB Lúcio Gómez 0-0: Ball
1-0: Swinging Strike
1-1: Called Strike
1-2: Strikes out swinging
Batting: RHB Juan Morales 0-0: Ball
1-0: Called Strike
1-1: Swinging Strike
1-2: Foul Ball, location: 2F
1-2: Strikes out swinging
Batting: LHB Greg Sharpe 0-0: Called Strike
0-1: Foul Ball, location: 2F
0-2: Strikes out swinging
Top of the 4th over - 0 runs, 0 hits, 0 errors, 0 left on base; Barry's Bay 0 - Grim 2
BOTTOM OF THE 4TH
Grim Reapers batting - Pitching for Barry's Bay Orioles : RHP Artie Hall
Batting: RHB Phil Martin 0-0: Foul Ball, location: 2F
0-1: Ball
1-1: Fly out, F7 (Flyball, 7LM)
Batting: RHB Júlio Núñez 0-0: Called Strike
0-1: Ball
1-1: Swinging Strike
1-2: Strikes out swinging
Batting: SHB Frank Grant 0-0: Swinging Strike
0-1: Ball
1-1: Foul Ball, location: 2F
1-2: Strikes out swinging
Bottom of the 4th over - 0 runs, 0 hits, 0 errors, 0 left on base; Barry's Bay 0 - Grim 2
TOP OF THE 5TH
Barry's Bay Orioles batting - Pitching for Grim Reapers : LHP Miguel Meneces
Batting: RHB Jason Cook 0-0: SINGLE (Groundball, 23) (infield hit)
Batting: RHB Lynn Johnson 0-0: Ground out 3-1 (Groundball, 34S)
Jason Cook to second
Batting: RHB Manny Gutiérrez 0-0: Called Strike
0-1: Ball
1-1: Ball
2-1: Called Strike
2-2: Strikes out swinging
Batting: RHB Octávio Aldeguer 0-0: Called Strike
0-1: Swinging Strike
0-2: Foul Ball, location: 2F
0-2: Strikes out swinging
Top of the 5th over - 0 runs, 1 hit, 0 errors, 1 left on base; Barry's Bay 0 - Grim 2
BOTTOM OF THE 5TH
Grim Reapers batting - Pitching for Barry's Bay Orioles : RHP Artie Hall
Batting: RHB Luis Samaripa 0-0: Called Strike
0-1: Foul Ball, location: 2F
0-2: Ball
1-2: Ball
2-2: Strikes out looking
Batting: RHB Sandro Hernández 0-0: Called Strike
0-1: Ball
1-1: Ground out 5-3 (Groundball, 56S)
Batting: RHB Pedro López 0-0: Ball
1-0: SINGLE (Line Drive, 8LS)
Batting: RHB Justin Geoghegan 0-0: Ball
1-0: Called Strike
1-1: Called Strike
Pedro López steals 2nd base
1-2: Hit by Pitch
Batting: RHB Juan Ortega 0-0: Foul Ball, location: 2F
0-1: Ball
1-1: Swinging Strike
1-2: Strikes out swinging
Bottom of the 5th over - 0 runs, 1 hit, 0 errors, 2 left on base; Barry's Bay 0 - Grim 2
TOP OF THE 6TH
Barry's Bay Orioles batting - Pitching for Grim Reapers : LHP Miguel Meneces
Batting: LHB Barry Pierce 0-0: Called Strike
0-1: Called Strike
0-2: Ball
1-2: Strikes out swinging
Batting: LHB Ryan Rheaume 0-0: Swinging Strike
0-1: Called Strike
0-2: Ball
1-2: Strikes out looking
Batting: LHB Lúcio Gómez 0-0: Called Strike
0-1: Foul Ball, location: 2F
0-2: Ball
1-2: Ball
2-2: SINGLE (Groundball, 56D)
Batting: RHB Juan Morales 0-0: Ball
1-0: Foul Ball, location: 2F
1-1: Foul Ball, location: 2F
1-2: Foul Ball, location: 2F
1-2: Ball
2-2: Ball
3-2: Strikes out looking
Top of the 6th over - 0 runs, 1 hit, 0 errors, 1 left on base; Barry's Bay 0 - Grim 2
BOTTOM OF THE 6TH
Grim Reapers batting - Pitching for Barry's Bay Orioles : RHP Artie Hall
Batting: RHB Roberto Villela 0-0: Swinging Strike
0-1: Ball
1-1: Called Strike
1-2: Strikes out looking
Batting: RHB Phil Martin 0-0: Ball
1-0: Called Strike
1-1: Foul Ball, location: 2F
1-2: Ball
2-2: Strikes out swinging
Batting: RHB Júlio Núñez 0-0: Fly out, F4 (Line Drive, 4)
Bottom of the 6th over - 0 runs, 0 hits, 0 errors, 0 left on base; Barry's Bay 0 - Grim 2
TOP OF THE 7TH
Barry's Bay Orioles batting - Pitching for Grim Reapers : LHP Miguel Meneces
Batting: LHB Greg Sharpe 0-0: Called Strike
0-1: Foul Ball, location: 2F
0-2: Ball
1-2: Foul Ball, location: 2F
1-2: Strikes out swinging
Batting: RHB Jason Cook 0-0: Ball
1-0: Ball
2-0: Ball
3-0: Base on Balls
Batting: RHB Lynn Johnson 0-0: Ball
1-0: Fly out, F5 (Popup, 6S)
Batting: RHB Manny Gutiérrez 0-0: SINGLE (Groundball, 6MD)
Jason Cook to second
Runner from 2nd tries for 3rd, SAFE, no throw
Batting: RHB Octávio Aldeguer 0-0: Called Strike
0-1: Ball
1-1: Ball
2-1: Fly out, F7 (Line Drive, 7)
Top of the 7th over - 0 runs, 1 hit, 0 errors, 2 left on base; Barry's Bay 0 - Grim 2
BOTTOM OF THE 7TH
Grim Reapers batting - Pitching for Barry's Bay Orioles : RHP Artie Hall
Batting: SHB Frank Grant 0-0: Called Strike
0-1: Called Strike
0-2: Foul Ball, location: 2F
0-2: Ball
1-2: Foul Ball, location: 2F
1-2: Ball
2-2: Fly out, F4 (Line Drive, 4)
Batting: RHB Luis Samaripa 0-0: Ball
1-0: Foul Ball, location: 2F
1-1: Foul Ball, location: 2F
1-2: Fly out, F8 (Flyball, 8RD)
Batting: RHB Sandro Hernández 0-0: Ball
1-0: Called Strike
1-1: SINGLE (Line Drive, 5S)
Batting: RHB Pedro López 0-0: Foul Ball, location: 2F
0-1: Ground out 1-3 (Groundball, 13S)
Bottom of the 7th over - 0 runs, 1 hit, 0 errors, 1 left on base; Barry's Bay 0 - Grim 2
TOP OF THE 8TH
Barry's Bay Orioles batting - Pitching for Grim Reapers : LHP Miguel Meneces
Batting: LHB Barry Pierce 0-0: Ball
1-0: Single, Error in OF, E9, batter to second base
Batting: LHB Ryan Rheaume 0-0: Called Strike
0-1: SINGLE (Groundball, 2L) (infield hit)
Barry Pierce to third
Batting: LHB Lúcio Gómez 0-0: Called Strike
0-1: Ball
1-1: Foul Ball, location: 2F
1-2: Ball
2-2: Foul Ball, location: 2F
2-2: Foul Ball, location: 2F
2-2: Fly out, F3 (Popup, 3SF)
Pitching: RHP Will Brown
Batting: RHB Juan Morales 0-0: Called Strike
0-1: Ball
1-1: Swinging Strike
1-2: Ball
2-2: Strikes out swinging
Batting: LHB Greg Sharpe 0-0: Ball
1-0: SINGLE (Groundball, 4MD)
Barry Pierce scores
Ryan Rheaume to second
Runner from 2nd tries for 3rd, SAFE, no throw
Pinch Hitting: LHB Joe Vásquez 0-0: Called Strike
0-1: Ball
1-1: Ball
2-1: Foul Ball, location: 2F
2-2: Ball
Wild Pitch!
Ryan Rheaume scores
Greg Sharpe to second
3-2: Strikes out swinging
Top of the 8th over - 2 runs, 3 hits, 1 error, 1 left on base; Barry's Bay 2 - Grim 2
BOTTOM OF THE 8TH
Grim Reapers batting - Pitching for Barry's Bay Orioles : RHP Artie Hall
Pitching: LHP Mathew Bentley
Now in LF: Terry Christian
Batting: RHB Justin Geoghegan 0-0: Ball
1-0: Ball
2-0: Ball
3-0: Called Strike
3-1: Foul Ball, location: 2F
3-2: Strikes out swinging
Batting: RHB Juan Ortega 0-0: Called Strike
0-1: Ball
1-1: Ground out 3-1 (Groundball, 34)
Batting: RHB Roberto Villela 0-0: Called Strike
0-1: Called Strike
0-2: Strikes out looking
Bottom of the 8th over - 0 runs, 0 hits, 0 errors, 0 left on base; Barry's Bay 2 - Grim 2
TOP OF THE 9TH
Barry's Bay Orioles batting - Pitching for Grim Reapers : RHP Will Brown
Pitching: RHP Paul Turberville
Batting: RHB Lynn Johnson 0-0: Foul Ball, location: 2F
0-1: Ball
1-1: Ball
2-1: Swinging Strike
2-2: Strikes out swinging
Batting: RHB Manny Gutiérrez 0-0: Foul Ball, location: 2F
0-1: Swinging Strike
0-2: Ball
1-2: Strikes out swinging
Batting: RHB Octávio Aldeguer 0-0: Called Strike
0-1: Ball
1-1: Called Strike
1-2: Ball
2-2: Foul Ball, location: 2F
2-2: Strikes out swinging
Top of the 9th over - 0 runs, 0 hits, 0 errors, 0 left on base; Barry's Bay 2 - Grim 2
BOTTOM OF THE 9TH
Grim Reapers batting - Pitching for Barry's Bay Orioles : LHP Mathew Bentley
Batting: RHB Phil Martin 0-0: Fly out, F3 (Line Drive, 3)
Batting: RHB Júlio Núñez 0-0: Ball
1-0: Ball
2-0: Fly out, F7 (Flyball, 7LS)
Pinch Hitting: RHB Esteban Concepción 0-0: Ball
1-0: Called Strike
1-1: Foul Ball, location: 2F
1-2: Strikes out swinging
Bottom of the 9th over - 0 runs, 0 hits, 0 errors, 0 left on base; Barry's Bay 2 - Grim 2
TOP OF THE 10TH
Barry's Bay Orioles batting - Pitching for Grim Reapers : RHP Paul Turberville
Pitching: LHP Rodrigo Álvarez
Now at 2B: Mario Barker
Pinch Hitting: RHB Sam Lynch 0-0: Ball
1-0: Swinging Strike
1-1: Ball
2-1: Swinging Strike
2-2: Strikes out swinging
Pinch Hitting: RHB River Cunningham 0-0: Called Strike
0-1: Foul Ball, location: 2F
0-2: Ball
1-2: Strikes out swinging
Batting: LHB Lúcio Gómez 0-0: Ball
1-0: Ground out 4-3 (Groundball, 4)
Top of the 10th over - 0 runs, 0 hits, 0 errors, 0 left on base; Barry's Bay 2 - Grim 2
BOTTOM OF THE 10TH
Grim Reapers batting - Pitching for Barry's Bay Orioles : LHP Mathew Bentley
Pitching: RHP Félix González
Now at C: Bruce MacPherson
Now in CF: Sam Lynch
Pinch Hitting: LHB Marcos Fontanez 0-0: Ball
1-0: Ground out 4-3 (Groundball, 4)
Pinch Hitting: RHB Joel Hebert 0-0: Ball
1-0: Ball
2-0: Ball
3-0: Called Strike
3-1: Called Strike
3-2: Foul Ball, location: 2F
3-2: SINGLE (Groundball, 6MD)
Pinch Runner at 1st José Chávez:
Batting: RHB Pedro López 0-0: Ball
1-0: Ball
2-0: Swinging Strike
2-1: Foul Ball, location: 2F
2-2: Fly out, F9 (Flyball, 9LS)
Batting: RHB Justin Geoghegan 0-0: Ball
José Chávez steals 2nd base
1-0: Ball
2-0: Ball
3-0: Called Strike
3-1: Foul Ball, location: 2F
3-2: Foul Ball, location: 2F
3-2: Foul Ball, location: 2F
3-2: Strikes out looking
Bottom of the 10th over - 0 runs, 1 hit, 0 errors, 1 left on base; Barry's Bay 2 - Grim 2
TOP OF THE 11TH
Barry's Bay Orioles batting - Pitching for Grim Reapers : LHP Rodrigo Álvarez
Now at C: Luis López
Now in RF: José Chávez
Batting: RHB Juan Morales 0-0: Ball
1-0: Foul Ball, location: 2F
1-1: Ground out 6-3 (Groundball, 6)
Batting: LHB Greg Sharpe 0-0: Swinging Strike
0-1: Ball
1-1: Foul Ball, location: 2F
1-2: Foul Ball, location: 2F
1-2: Foul Ball, location: 2F
1-2: Ball
2-2: Strikes out swinging
Batting: SHB Terry Christian 0-0: Ball
1-0: Ball
2-0: Fly out, F8 (Flyball, 8LM)
Top of the 11th over - 0 runs, 0 hits, 0 errors, 0 left on base; Barry's Bay 2 - Grim 2
BOTTOM OF THE 11TH
Grim Reapers batting - Pitching for Barry's Bay Orioles : RHP Félix González
Batting: RHB Juan Ortega 0-0: Foul Ball, location: 2F
0-1: Ball
1-1: Fly out, F9 (Line Drive, 89S)
Batting: RHB Roberto Villela 0-0: DOUBLE (Flyball, 8RXD)
Batting: RHB Phil Martin 0-0: Called Strike
0-1: Ground out 6-3 (Groundball, 6)
Batting: RHB Júlio Núñez 0-0: Called Strike
0-1: Foul Ball, location: 2F
0-2: Ball
1-2: Strikes out looking
Bottom of the 11th over - 0 runs, 1 hit, 0 errors, 1 left on base; Barry's Bay 2 - Grim 2
TOP OF THE 12TH
Barry's Bay Orioles batting - Pitching for Grim Reapers : LHP Rodrigo Álvarez
Pitching: RHP Harvey Taylor
Batting: RHB Lynn Johnson 0-0: SOLO HOME RUN (Flyball, 7LD), Distance : 365 ft
Batting: RHB Manny Gutiérrez 0-0: Called Strike
0-1: Called Strike
0-2: Strikes out swinging
Batting: RHB Octávio Aldeguer 0-0: Ball
1-0: Called Strike
1-1: Ball
2-1: Foul Ball, location: 2F
2-2: Strikes out swinging
Batting: RHB Sam Lynch 0-0: Swinging Strike
0-1: Ground out 5-3 (Groundball, 56S)
Top of the 12th over - 1 run, 1 hit, 0 errors, 0 left on base; Barry's Bay 3 - Grim 2
BOTTOM OF THE 12TH
Grim Reapers batting - Pitching for Barry's Bay Orioles : RHP Félix González
Pitching: RHP Jorge Martínez
Batting: RHB Mario Barker 0-0: Fly out, F9 (Flyball, 89D)
Batting: RHB Luis López 0-0: Ground out 1-3 (Groundball, 15)
Pinch Hitting: SHB Sean Moody 0-0: Called Strike
0-1: Foul Ball, location: 2F
0-2: Ball
1-2: Ball
2-2: Strikes out swinging
Bottom of the 12th over - 0 runs, 0 hits, 0 errors, 0 left on base; Barry's Bay 3 - Grim 2
Saturday, December 16th, 2017 - OOTP Baseball 18.8 Build 76